 Dungeon Crawl Stone Soup version 0.29.1-1-gd02db6906a (webtiles) character file.

Game seed: 5015046424671856697

2586 MisterFreud the Cruncher (level 9, -5/68 HPs)
             Began as a Formicid Gladiator on Oct 10, 2022.
             Slain by a two-headed ogre
             ... wielding a +0 giant spiked club
              (15 damage)
             ... on level 8 of the Dungeon.
             The game lasted 00:08:52 (5323 turns).

MisterFreud the Cruncher (Formicid Gladiator)       Turns: 5323, Time: 00:08:52

Health: -5/68      AC: 12    Str: 22    XL:     9   Next: 88%
Magic:  9/9        EV:  9    Int:  7    God:
Gold:   418        SH:  0    Dex: 17    Spells: 8/8 levels left

rFire   . . .      SeeInvis +   y - +1 quarterstaff (spect)
rCold   . . .      Faith    .   (no shield)
rNeg    . . .      Spirit   .   i - +0 chain mail
rPois   .          Reflect  .   (helmet unavailable)
rElec   .          Harm     .   b - +1 cloak
rCorr   +          Rampage  .   (no gloves)
Will    .....                   (no boots)
Stlth   ..........              f - amulet of regeneration
HPRegen 1.01/turn               r - +4 ring of slaying
MPRegen 0.11/turn               s - ring of resist corrosion

@: no status effects
A: permanent stasis, dig shafts and tunnels, antennae 3, four strong arms
a: Dig, Shaft Self


You were on level 8 of the Dungeon.
You visited 2 branches of the dungeon, and saw 10 of its levels.

You collected 418 gold pieces.

Inventory:

Hand Weapons
 a - a +3 quarterstaff of draining
 y - a +1 spectral quarterstaff (weapon)
Missiles
 c - 7 throwing nets
 d - a javelin
 l - 6 poisoned darts (quivered)
Armour
 b - a +1 cloak (worn)
 e - a +0 ring mail
 i - a +0 chain mail (worn)
 x - the +4 scale mail of the Orange Skies {-Cast Harm rPois Dex+3}
   (You found it on level 9 of the Dungeon)

   Dex:       It affects your dexterity (+3).
   rPois:     It protects you from poison.
   -Cast:     It prevents spellcasting.
   Harm:      It increases damage dealt and taken.
Jewellery
 f - an amulet of regeneration (around neck)
 r - a +4 ring of slaying (left hand)
 s - a ring of resist corrosion (right hand)
Wands
 m - a wand of flame (23)
 n - a wand of mindburst (9)
Scrolls
 v - a scroll of immolation
Potions
 g - 2 potions of invisibility
 h - 3 potions of heal wounds
 j - 3 potions of attraction
 k - a potion of might
 o - a potion of flight {unknown}
 p - a potion of brilliance {unknown}
 q - a potion of curing
 t - 2 potions of mutation {unknown}
 u - a potion of berserk rage {unknown}
 w - a potion of lignification {unknown}


   Skills:
 - Level 5.0 Fighting
 + Level 9.4 Staves
 - Level 5.0 Throwing
 - Level 5.0 Armour
 - Level 2.6 Dodging
 - Level 5.0 Evocations


You had 8 spell levels left.
You didn't know any spells.
Your spell library contained the following spells:

 Spells                   Type           Power      Damage    Failure   Level
 Sting                    Tmut/Pois      0%         1d3       98%         1
 Poisonous Vapours        Pois/Air       0%         N/A       99%         2
 Corpse Rot               Necr/Pois/Air  0%         N/A       100%        4
 Olgreb's Toxic Radiance  Pois           0%         N/A       100%        4


Dungeon Overview and Level Annotations

Branches:
Dungeon (9/15)             Temple (1/1) D:6
   Lair: D:8-11         Orc: D:9-12

Altars:
Cheibriados
Fedhas
Gozag
Kikubaaqudgha
Nemelex Xobeh
Okawaru
Qazlal
Sif Muna
Trog
Uskayaw
Vehumet
Wu Jian
Xom
Zin
The Shining One

Shops:
D:5 ?(:*?

Annotations:
D:4 2 runed translucent doors


Innate Abilities, Weirdness & Mutations

You cannot be hasted, slowed, berserked, paralysed or teleported.
You can dig through walls and to a lower floor.
You have a pair of large antennae on your head. (SInv)
Your four strong arms can wield two-handed weapons with a shield.


Message History

The orc hits you with a +1 vorpal flail.
The gnoll closely misses you.
Unknown command.
You hit the gnoll.
You kill the gnoll!
The orc hits you but does no damage.
Unknown command.
You see here a +0 halberd.
A two-headed ogre and a centaur come into view.
Found 21 gold pieces.
Found an escape hatch in the floor.
The two-headed ogre shouts in stereo!
The centaur shouts!
Found a glowing scale mail.
The centaur wields a +0 shortbow.
The centaur shoots an arrow.
The arrow hits you. The orc attacks as you move away!
The orc closely misses you.
The centaur shoots an arrow.
The arrow hits you.
The centaur shoots an arrow.
The arrow hits you!
You sock the orc!
You kill the orc!
The centaur shoots an arrow.
The arrow hits you.
The two-headed ogre hits you with a +0 giant spiked club!!
The two-headed ogre hits you with a +0 dire flail.
* * * LOW HITPOINT WARNING * * *
The black bear closely misses you.
The black bear claws you but does no damage.
The black bear misses you.
The centaur unwields a +0 shortbow.
The centaur hits you but does no damage.
The centaur closely misses you.
Things that are here:
a +1 vorpal flail; an orc corpse Unknown command.
Unknown command.
Unknown command.
The black bear bites you but does no damage.
The black bear closely misses you. x2
Unknown command.
The two-headed ogre attacks as you move away!
The two-headed ogre hits you with a +0 giant spiked club!
* * * LOW HITPOINT WARNING * * *
The two-headed ogre hits you with a +0 dire flail!
You die...

#..######.####
#............#.#
......######.##.#.#
####.. #.##<#.#
.... ..##)#.# ##...
#####)#.# ....
#.#.# .....
#.#####.#[## ......
.......h@..#
#.#####O#.#$###
#........ #c#.#.###
##.....> #.##### .#
##


You could see a two-headed ogre, a black bear and a centaur.

Vanquished Creatures
  Harold (D:9)
  Sigmund (D:3)
  Eustachio (D:4)
  Menkaure (D:6)
  An acid dragon (D:9)
  An ice beast (D:4)
  A sky beast (D:6)
  An orc warrior (D:4)
  An ogre (D:5)
  2 centaurs
  A kobold brigand (D:9)
  A necrophage (D:6)
  3 scorpions
  2 wights (D:6)
  A howler monkey (D:6)
  2 gnoll boudas
  2 orc priests (D:5)
  A jelly (D:6)
  2 iguanas
  An orc wizard (D:3)
  5 gnolls
  11 adders
  3 worms
  2 dart slugs
  10 orcs
  5 bats
  9 endoplasms
  A giant cockroach (D:3)
  4 goblins
  6 hobgoblins
  3 jackals (D:4)
  2 quokkas
  6 ball pythons
  4 frilled lizards
  13 kobolds
  3 rats
  A bush (D:6)
115 creatures vanquished.

Vanquished Creatures (others)
  A plant (D:1)
1 creature vanquished.

Grand Total: 116 creatures vanquished

Notes
Turn   | Place    | Note
-------+----------+-------------------------------------------
     0 | D:1      | MisterFreud the Formicid Gladiator began the quest for the
                  | Orb.
     0 | D:1      | Reached XP level 1. HP: 16/16 MP: 1/1
   143 | D:1      | Reached XP level 2. HP: 16/22 MP: 2/2
   474 | D:1      | Reached skill level 4 in Staves
   474 | D:1      | Reached XP level 3. HP: 26/27 MP: 3/3
   717 | D:1      | Found a faded altar of an unknown god.
   808 | D:2      | You fall into a shaft and drop 1 floor!
  1058 | D:2      | Reached XP level 4. HP: 33/33 MP: 4/4
  1727 | D:3      | Reached skill level 5 in Staves
  1782 | D:3      | Reached XP level 5. HP: 36/38 MP: 5/5
  1803 | D:3      | Reached skill level 1 in Armour
  1858 | D:3      | Found an ancient bone altar of Kikubaaqudgha.
  2054 | D:3      | Noticed Sigmund
  2059 | D:3      | Killed Sigmund
  2060 | D:3      | Reached skill level 6 in Staves
  2060 | D:3      | Reached XP level 6. HP: 44/44 MP: 6/6
  2508 | D:4      | Noticed an orc warrior
  2655 | D:4      | Found a stormy altar of Qazlal.
  2656 | D:4      | Noticed Eustachio
  2682 | D:4      | Killed Eustachio
  2683 | D:4      | Reached XP level 7. HP: 29/50 MP: 7/7
  2766 | D:4      | Reached skill level 5 in Armour
  2766 | D:4      | Reached skill level 1 in Evocations
  3013 | D:4      | Found a large runed translucent door.
  3013 | D:4      | Found a large runed translucent door.
  3242 | D:4      | Found an ornate altar of the Wu Jian Council.
  3556 | D:5      | Entered Level 5 of the Dungeon
  3560 | D:5      | Found a glowing silver altar of Zin.
  3596 | D:4      | Reached XP level 8. HP: 30/60 MP: 8/8
  3638 | D:5      | Found a bloodstained altar of Trog.
  3682 | D:5      | Found Fireth's Magic Scroll Boutique.
  3722 | D:5      | Found Saig's General Store.
  3950 | D:5      | Found Naetod's Magic Scroll Shop.
  4036 | D:5      | Reached skill level 5 in Fighting
  4114 | D:5      | Found Orabazud's Book Boutique.
  4179 | D:5      | Reached skill level 5 in Evocations
  4391 | D:5      | Found Efeimasust's Weapon Shop.
  4711 | D:6      | Reached XP level 9. HP: 68/68 MP: 9/9
  4750 | D:6      | Reached skill level 7 in Staves
  4796 | D:6      | Found a staircase to the Ecumenical Temple.
  4799 | D:6      | Noticed Menkaure
  4808 | D:6      | Killed Menkaure
  4812 | Temple   | Entered the Ecumenical Temple
  4987 | D:6      | You fall into a shaft and drop 3 floors!
  5045 | D:9      | Reached skill level 5 in Throwing
  5050 | D:9      | Identified the +4 scale mail of the Orange Skies {-Cast
                  | Harm rPois Dex+3}
  5057 | D:9      | Noticed Harold
  5089 | D:9      | Killed Harold
  5090 | D:9      | Reached skill level 9 in Staves
  5289 | D:8      | Identified a scroll of acquirement
  5289 | D:8      | Acquired a +1 spectral quarterstaff
  5316 | D:8      | Noticed a two-headed ogre
  5323 | D:8      | Slain by a two-headed ogre

Illustrated notes

Levels and vault maps discovered:
D:1:      dpeg_arrival_simpleton_c, layout_loops_ring,
          shapermc_ecumenical_altar_mp_urbaneastern
D:2:      layout_loops_corners
D:3:      layout_basic, mainiacjoe_overflow_24_doors, serial_aquarium,
          aquarium_bridge_square [aquarium_subvault_wall,
          aquarium_subvault_bridge, aquarium_subvault_wall,
          aquarium_subvault_wall], aquarium_window_fake, aquarium_window_fake,
          aquarium_window_1, aquarium_view_2f, aquarium_balcony_5b, uniq_sigmund
D:4:      layout_basic, mainiacjoe_overflow_paths, jmf_multi_god_temple2,
          lemuel_round_altar, uniq_eustachio
D:5:      layout_loops_corners, jmf_multi_god_temple, serial_shops,
          nicolae_take_the_stairs, nicolae_stop_n_shop_1, nicolae_shop_stone,
          shop_fountains, nicolae_shop_advertising_works
          [nicolae_subvault_shop_adworks], minmay_misc_feat_cross,
          minmay_misc_feat_square, kennysheep_generic_room_8
D:6:      layout_gridville, minmay_temple_entry_tees, kb_lookout_dungeons_type,
          uniq_menkaure
D:7:      layout_loops_ring
D:8:      layout_loops_ring, mainiacjoe_overflow_catwalk
D:9:      layout_rooms, mainiacjoe_overflow_alcove_4, serial_shops,
          nicolae_square_shop, uniq_harold
Temple:   nicolae_temple_ecumenical_triangle

Skill      XL: |  1  2  3  4  5  6  7  8  9 |
---------------+----------------------------+-----
Staves         | 4 5 6 9 |  9.4
Armour         | 3 4 5 |  5.0
Evocations     | 3 5 |  5.0
Fighting       | 4 5 |  5.0
Throwing       | 3 5 |  5.0
Dodging        | |  2.6

Action                   |  1- 3 |  4- 6 |  7- 9 || total
-------------------------+-------+-------+-------++-------
Melee: Quarterstaff      |    84 |    85 |   197 ||   366
       Punch             |     1 |     1 |     4 ||     6
Throw: Dart              |       |       |     4 ||     4
 Abil: Dig               |       |       |     1 ||     1
       Shaft Self        |       |       |     1 ||     1
  Use: Scroll            |     2 |     8 |     8 ||    18
Armor: Leather armour    |    21 |       |       ||    21
       Ring mail         |     5 |    10 |       ||    15
       Chain mail        |       |    56 |    94 ||   150
Dodge: Dodged            |    43 |    61 |   108 ||   212
